[ AOE2 MATCH · #506750029 ]
UnrankedSaracens vs Burmese
Player's team · LOSS
Rival team · WIN
[ REPLAY ANALYSIS · EXTRACTED FROM THE RECORDED GAME ]
Feudal
11:02
Castle
20:28
Imperial
35:50
| APM avg | 59.0 |
| APM peak | 103 |
| eAPM avg | 30.4 |
| Villagers / military | 193 / 91 |
Focus
⚔️ 42.3% · 🌾 57.7%
Archer ×53 · Cavalry Archer ×23 · Mangonel ×4 · Skirmisher ×4 · Militia ×3 · Spearman ×2
Feudal
9:41
Castle
20:54
Imperial
36:17
| APM avg | 61.4 |
| APM peak | 114 |
| eAPM avg | 25.0 |
| Villagers / military | 142 / 69 |
Focus
⚔️ 33.1% · 🌾 66.9%
Archer ×44 · Battle Elephant ×9 · Spearman ×5 · Militia ×3 · Scout Cavalry ×3 · Trebuchet (Packed) ×3
Match map
Initial resources + every placement click. Lines = walls · curves = elevation contours. ◆ gold · ⬟ stone · ● berries · ✦ relic · ◌ wall gap
Your base· ✓ Closed at 20:28 · 49t walls · 2 gate(s)
No soy Masche's base· Open — 3t gap
Smoothed initial terrain · ◌ = detected wall gap · hover for details
Inputs per minute
— DS_La década ganada - - No soy Masche
Build order — DS_La década ganada
First 150 of 460 actions detected
| 0:00 | Queue | Villager (Male) |
| 0:00 | Queue | Villager (Male) |
| 0:01 | Build | House |
| 0:02 | Build | House |
| 0:12 | Queue | Villager (Male) |
| 0:31 | Queue | Villager (Male) |
| 0:32 | Queue | Villager (Male) |
| 1:21 | Queue | Villager (Male) |
| 1:48 | Build | Lumber Camp |
| 1:56 | Queue | Villager (Male) |
| 1:57 | Queue | Villager (Male) |
| 2:10 | Queue | Villager (Male) |
| 2:34 | Queue | Villager (Male) |
| 3:02 | Queue | Villager (Male) |
| 3:22 | Queue | Villager (Male) |
| 3:50 | Build | House |
| 3:55 | Queue | Villager (Male) |
| 4:18 | Queue | Villager (Male) |
| 4:19 | Queue | Villager (Male) |
| 4:26 | Build | Barracks |
| 4:33 | Queue | Villager (Male) |
| 4:34 | Queue | Villager (Male) |
| 4:48 | Build | House |
| 5:03 | Queue | Villager (Male) |
| 5:10 | Queue | Villager (Male) |
| 5:22 | Queue | Militia |
| 5:22 | Queue | Militia |
| 5:24 | Build | House |
| 5:41 | Queue | Villager (Male) |
| 5:41 | Queue | Villager (Male) |
| 5:48 | Queue | Villager (Male) |
| 5:59 | Queue | Militia |
| 6:17 | Queue | Villager (Male) |
| 6:38 | Queue | Villager (Male) |
| 6:38 | Queue | Villager (Male) |
| 6:56 | Queue | Villager (Male) |
| 7:02 | Queue | Villager (Male) |
| 7:10 | Build | Mill |
| 7:23 | Queue | Villager (Male) |
| 7:24 | Queue | Villager (Male) |
| 7:24 | Queue | Villager (Male) |
| 7:55 | Research | Loom |
| 8:07 | Build | House |
| 8:08 | Build | Palisade Wall |
| 8:27 | Build | Farm |
| 8:29 | Build | Farm |
| 8:52 | Research | Feudal Age |
| 9:31 | Build | Palisade Wall |
| 9:33 | Build | Palisade Wall |
| 9:35 | Build | Palisade Wall |
| 9:37 | Build | Palisade Wall |
| 9:54 | Queue | Villager (Male) |
| 10:03 | Queue | Villager (Male) |
| 10:04 | Queue | Villager (Male) |
| 10:12 | Build | Palisade Gate |
| 10:15 | Build | Palisade Gate |
| 10:15 | Queue | Villager (Male) |
| 10:16 | Queue | Villager (Male) |
| 10:21 | Queue | Villager (Male) |
| 11:02 | Queue | Villager (Male) |
| 11:02 | Age | Feudal Age |
| 11:04 | Build | Archery Range |
| 11:05 | Research | Double-Bit Axe |
| 11:17 | Research | Horse Collar |
| 11:29 | Queue | Villager (Male) |
| 11:44 | Queue | Villager (Male) |
| 11:56 | Queue | Archer |
| 12:03 | Queue | Villager (Male) |
| 12:10 | Queue | Villager (Male) |
| 12:12 | Build | Farm |
| 12:19 | Queue | Villager (Male) |
| 12:21 | Build | Farm |
| 12:27 | Queue | Villager (Male) |
| 12:30 | Queue | Villager (Male) |
| 12:34 | Build | House |
| 12:38 | Queue | Villager (Male) |
| 12:43 | Queue | Villager (Male) |
| 12:50 | Queue | Villager (Male) |
| 12:51 | Build | Farm |
| 12:51 | Queue | Villager (Male) |
| 12:55 | Build | Farm |
| 13:05 | Queue | Villager (Male) |
| 13:08 | Build | House |
| 13:20 | Build | House |
| 13:22 | Queue | Villager (Male) |
| 13:35 | Queue | Skirmisher |
| 13:50 | Queue | Skirmisher |
| 13:52 | Queue | Villager (Male) |
| 13:52 | Queue | Villager (Male) |
| 13:52 | Queue | Villager (Male) |
| 13:55 | Queue | Villager (Male) |
| 13:55 | Queue | Villager (Male) |
| 13:56 | Build | Farm |
| 14:06 | Queue | Villager (Male) |
| 14:13 | Queue | Villager (Male) |
| 14:17 | Build | Mining Camp |
| 14:26 | Queue | Villager (Male) |
| 14:42 | Queue | Villager (Male) |
| 14:46 | Build | Farm |
| 14:47 | Build | Farm |
| 14:49 | Queue | Villager (Male) |
| 14:59 | Build | House |
| 15:00 | Build | Palisade Wall |
| 15:06 | Queue | Villager (Male) |
| 15:28 | Queue | Villager (Male) |
| 15:34 | Queue | Villager (Male) |
| 15:43 | Queue | Villager (Male) |
| 15:48 | Build | Blacksmith |
| 15:58 | Build | Palisade Wall |
| 15:59 | Build | Palisade Wall |
| 16:15 | Build | Farm |
| 16:17 | Build | Farm |
| 16:26 | Queue | Villager (Male) |
| 16:29 | Build | Farm |
| 16:30 | Build | Farm |
| 16:41 | Build | House |
| 16:42 | Build | Palisade Wall |
| 16:59 | Queue | Villager (Male) |
| 17:11 | Build | Market |
| 17:11 | Build | House |
| 17:12 | Build | Palisade Wall |
| 17:15 | Build | Palisade Wall |
| 17:16 | Build | Palisade Wall |
| 17:17 | Build | Palisade Wall |
| 17:18 | Queue | Spearman |
| 17:48 | Research | Castle Age |
| 18:01 | Build | House |
| 18:04 | Build | Palisade Wall |
| 18:13 | Build | Archery Range |
| 18:26 | Queue | Spearman |
| 18:41 | Build | Palisade Wall |
| 18:43 | Build | Palisade Wall |
| 19:09 | Build | Palisade Wall |
| 19:10 | Research | Fletching |
| 19:16 | Build | Farm |
| 19:17 | Queue | Villager (Male) |
| 19:27 | Build | Farm |
| 19:34 | Build | House |
| 19:38 | Build | Farm |
| 19:39 | Queue | Villager (Male) |
| 20:09 | Queue | Villager (Male) |
| 20:17 | Queue | Villager (Male) |
| 20:28 | Age | Castle Age |
| 20:30 | Build | Town Center |
| 20:31 | Queue | Cavalry Archer |
| 20:32 | Queue | Cavalry Archer |
| 20:33 | Research | Bodkin Arrow |
| 20:46 | Queue | Cavalry Archer |
| 20:46 | Queue | Villager (Male) |
| 21:00 | Queue | Cavalry Archer |
Build order — No soy Masche
First 150 of 361 actions detected
| 0:01 | Queue | Villager (Male) |
| 0:01 | Queue | Villager (Male) |
| 0:01 | Queue | Villager (Male) |
| 0:01 | Queue | Villager (Male) |
| 0:02 | Build | House |
| 0:04 | Build | House |
| 1:16 | Queue | Villager (Male) |
| 1:16 | Queue | Villager (Male) |
| 1:56 | Queue | Villager (Male) |
| 2:17 | Queue | Villager (Male) |
| 2:30 | Build | Lumber Camp |
| 2:44 | Queue | Villager (Male) |
| 2:57 | Queue | Villager (Male) |
| 3:28 | Queue | Villager (Male) |
| 3:35 | Build | House |
| 3:36 | Build | House |
| 3:54 | Queue | Villager (Male) |
| 3:55 | Queue | Villager (Male) |
| 4:20 | Queue | Villager (Male) |
| 4:53 | Queue | Villager (Male) |
| 5:10 | Queue | Villager (Male) |
| 5:21 | Build | Barracks |
| 5:43 | Queue | Villager (Male) |
| 6:03 | Queue | Villager (Male) |
| 6:30 | Research | Loom |
| 6:40 | Queue | Villager (Male) |
| 6:42 | Research | Loom |
| 7:19 | Build | Mining Camp |
| 7:26 | Research | Feudal Age |
| 7:39 | Queue | Militia |
| 7:39 | Queue | Militia |
| 8:15 | Build | House |
| 8:23 | Queue | Militia |
| 8:27 | Build | Mill |
| 9:01 | Build | Farm |
| 9:13 | Build | House |
| 9:18 | Queue | Villager (Male) |
| 9:24 | Build | Farm |
| 9:33 | Build | House |
| 9:37 | Build | Palisade Wall |
| 9:38 | Build | Palisade Wall |
| 9:38 | Build | Palisade Wall |
| 9:41 | Age | Feudal Age |
| 9:43 | Build | Palisade Wall |
| 9:53 | Queue | Villager (Male) |
| 9:57 | Build | Farm |
| 10:03 | Build | Palisade Wall |
| 10:06 | Build | House |
| 10:11 | Build | Palisade Wall |
| 10:12 | Queue | Villager (Male) |
| 10:16 | Build | Palisade Wall |
| 10:16 | Build | Palisade Wall |
| 10:44 | Build | Farm |
| 10:48 | Queue | Villager (Male) |
| 10:54 | Build | House |
| 10:55 | Queue | Villager (Male) |
| 10:57 | Build | House |
| 11:05 | Research | Arson |
| 11:20 | Queue | Villager (Male) |
| 11:28 | Build | Palisade Wall |
| 11:35 | Build | Farm |
| 11:42 | Queue | Villager (Male) |
| 11:54 | Build | Farm |
| 12:00 | Research | Man-at-Arms (upgrade) |
| 12:15 | Queue | Villager (Male) |
| 12:18 | Build | Farm |
| 12:31 | Build | Palisade Wall |
| 12:45 | Build | Farm |
| 12:45 | Queue | Villager (Male) |
| 12:54 | Queue | Villager (Male) |
| 12:58 | Build | Farm |
| 13:08 | Build | Palisade Wall |
| 13:14 | Queue | Villager (Male) |
| 13:27 | Build | Palisade Wall |
| 13:32 | Queue | Villager (Male) |
| 13:42 | Queue | Villager (Male) |
| 13:50 | Build | Stable |
| 13:58 | Queue | Villager (Male) |
| 14:11 | Queue | Villager (Male) |
| 14:26 | Research | Town Watch |
| 14:29 | Research | Wheelbarrow |
| 14:30 | Research | Wheelbarrow |
| 14:31 | Queue | Villager (Male) |
| 14:33 | Queue | Scout Cavalry |
| 14:39 | Build | Palisade Wall |
| 14:47 | Queue | Spearman |
| 14:55 | Queue | Villager (Male) |
| 14:59 | Build | Farm |
| 15:00 | Build | Farm |
| 15:01 | Queue | Villager (Male) |
| 15:14 | Queue | Scout Cavalry |
| 15:25 | Build | Market |
| 15:30 | Build | Market |
| 15:30 | Queue | Villager (Male) |
| 15:37 | Queue | Villager (Male) |
| 15:44 | Build | Blacksmith |
| 15:55 | Queue | Scout Cavalry |
| 16:01 | Queue | Villager (Male) |
| 16:11 | Queue | Spearman |
| 16:17 | Queue | Villager (Male) |
| 16:33 | Queue | Villager (Male) |
| 16:39 | Queue | Villager (Male) |
| 16:41 | Build | Farm |
| 17:12 | Build | Farm |
| 17:27 | Queue | Villager (Male) |
| 17:31 | Build | House |
| 17:33 | Build | House |
| 18:11 | Research | Castle Age |
| 18:44 | Research | Horse Collar |
| 19:29 | Build | Archery Range |
| 19:47 | Research | Fletching |
| 19:48 | Research | Padded Archer Armor |
| 19:57 | Build | House |
| 20:20 | Build | Archery Range |
| 20:22 | Queue | Archer |
| 20:27 | Queue | Spearman |
| 20:34 | Build | House |
| 20:35 | Build | House |
| 20:39 | Research | Gold Mining |
| 20:39 | Research | Gold Mining |
| 20:47 | Queue | Spearman |
| 20:53 | Build | House |
| 20:54 | Age | Castle Age |
| 20:58 | Research | Crossbowman (upgrade) |
| 21:06 | Research | Bodkin Arrow |
| 21:15 | Queue | Villager (Male) |
| 21:20 | Build | Town Center |
| 21:31 | Queue | Archer |
| 21:31 | Queue | Archer |
| 21:37 | Build | Palisade Wall |
| 21:39 | Queue | Villager (Male) |
| 21:42 | Build | House |
| 21:44 | Queue | Villager (Male) |
| 21:52 | Queue | Archer |
| 21:52 | Queue | Archer |
| 21:54 | Queue | Villager (Male) |
| 22:09 | Queue | Archer |
| 22:09 | Queue | Archer |
| 22:15 | Research | Town Watch |
| 22:26 | Queue | Archer |
| 22:41 | Build | Farm |
| 22:44 | Build | Farm |
| 22:44 | Build | Farm |
| 22:45 | Build | Farm |
| 22:51 | Queue | Archer |
| 22:52 | Queue | Archer |
| 22:54 | Queue | Spearman |
| 22:57 | Queue | Villager (Male) |
| 23:03 | Queue | Villager (Male) |
| 23:09 | Build | Farm |
Match timeline
| 4:26 | DS_La década ganada · first_building Barracks |
| 5:21 | No soy Masche · first_building Barracks |
| 8:08 | DS_La década ganada · wall_segment Palisade Wall x6 |
| 9:31 | DS_La década ganada · wall_segment Palisade Wall x1 |
| 9:33 | DS_La década ganada · wall_segment Palisade Wall x1 |
| 9:35 | DS_La década ganada · wall_segment Palisade Wall x1 |
| 9:37 | DS_La década ganada · wall_segment Palisade Wall x1 |
| 9:37 | No soy Masche · wall_segment Palisade Wall x2 |
| 9:38 | No soy Masche · wall_segment Palisade Wall x1 |
| 9:38 | No soy Masche · wall_segment Palisade Wall x1 |
| 9:41 | No soy Masche · age_up feudal |
| 9:43 | No soy Masche · wall_segment Palisade Wall x1 |
| 10:03 | No soy Masche · wall_segment Palisade Wall x3 |
| 10:11 | No soy Masche · wall_segment Palisade Wall x9 |
| 10:16 | No soy Masche · wall_segment Palisade Wall x2 |
| 10:16 | No soy Masche · wall_segment Palisade Wall x1 |
| 11:02 | DS_La década ganada · age_up feudal |
| 11:04 | DS_La década ganada · first_building Archery Range |
| 11:28 | No soy Masche · wall_segment Palisade Wall x13 |
| 12:31 | No soy Masche · wall_segment Palisade Wall x1 |
| 13:08 | No soy Masche · wall_segment Palisade Wall x1 |
| 13:27 | No soy Masche · wall_segment Palisade Wall x1 |
| 13:50 | No soy Masche · first_building Stable |
| 14:39 | No soy Masche · wall_segment Palisade Wall x1 |
| 15:00 | DS_La década ganada · wall_segment Palisade Wall x11 |
| 15:58 | DS_La década ganada · wall_segment Palisade Wall x3 |
| 15:59 | DS_La década ganada · wall_segment Palisade Wall x1 |
| 16:42 | DS_La década ganada · wall_segment Palisade Wall x16 |
| 17:12 | DS_La década ganada · wall_segment Palisade Wall x1 |
| 17:15 | DS_La década ganada · wall_segment Palisade Wall x2 |
| 17:16 | DS_La década ganada · wall_segment Palisade Wall x1 |
| 17:17 | DS_La década ganada · wall_segment Palisade Wall x1 |
| 17:50 | No soy Masche · first_market_sell 500 wood |
| 17:50 | No soy Masche · first_market_buy 100 food |
| 18:04 | DS_La década ganada · wall_segment Palisade Wall x1 |
| 18:41 | DS_La década ganada · wall_segment Palisade Wall x1 |
| 18:43 | DS_La década ganada · wall_segment Palisade Wall x1 |
| 19:09 | DS_La década ganada · wall_segment Palisade Wall x1 |
| 19:29 | No soy Masche · first_building Archery Range |
| 20:28 | DS_La década ganada · age_up castle |
| 20:54 | No soy Masche · age_up castle |
| 21:09 | DS_La década ganada · wall_segment Palisade Wall x1 |
| 21:32 | DS_La década ganada · first_market_buy 100 wood |
| 21:37 | No soy Masche · wall_segment Palisade Wall x1 |
| 24:58 | DS_La década ganada · first_building Stable |
| 26:42 | DS_La década ganada · first_building Siege Workshop |
| 26:52 | No soy Masche · wall_segment Stone Wall x9 |
| 27:21 | No soy Masche · wall_segment Stone Wall x16 |
| 28:03 | No soy Masche · first_building Monastery |
| 31:47 | DS_La década ganada · first_market_sell 100 food |
| 33:24 | No soy Masche · wall_segment Palisade Wall x2 |
| 34:09 | No soy Masche · first_building Castle |
| 34:29 | DS_La década ganada · first_building Castle |
| 35:50 | DS_La década ganada · age_up imperial |
| 35:54 | No soy Masche · wall_segment Stone Wall x3 |
| 36:17 | No soy Masche · age_up imperial |
| 38:26 | DS_La década ganada · resign |
[ AI ANALYSIS · 1 CREDIT ]
What really happened in this match?
Wolo.gg analyzes every decision: build order, eco, micro, common mistakes by bracket. Personalized analysis on WhatsApp or Discord in 30 seconds.
Civ guide
Saracens
Perfil
DS_La década ganada